BSA
HENDERSONVILLE HITMEN @ EL DORADO OILERS
09/30/2029
 
TOP OF THE 1ST
Hendersonville Hitmen batting - Pitching for El Dorado Oilers : RHP Mark Anderson
Pitching: RHP Mark Anderson
Batting: SHB José Estreito 0-0: Ball
1-0: Ground out 6-3 (Groundball, 6)
Batting: RHB Jesús Cruz 0-0: Ball
1-0: Called Strike
1-1: Ball
2-1: SOLO HOME RUN (Flyball, 9D), Distance : 396 ft
Batting: RHB Ron Glass 0-0: Swinging Strike
0-1: Fly out, F8 (Flyball, 78D)
Batting: LHB Robert Phillips 0-0: Called Strike
0-1: DOUBLE (Groundball, 3L)
Batting: SHB Rick Turner 0-0: DOUBLE (Line Drive, 78D)
Robert Phillips scores
Batting: RHB Felipe Jareńo 0-0: Ball
1-0: Ball
2-0: 2-RUN HOME RUN (Line Drive, 7LD), Distance : 357 ft
Batting: LHB Jeff Cole 0-0: Called Strike
0-1: Foul Ball, location: 2F
0-2: Ball
1-2: Ball
2-2: Foul Ball, location: 2F
2-2: Fly out, F8 (Flyball, 8LD)
Top of the 1st over - 4 runs, 4 hits, 0 errors, 0 left on base; Hendersonville 4 - El Dorado 0
BOTTOM OF THE 1ST
El Dorado Oilers batting - Pitching for Hendersonville Hitmen : RHP Marcos Miranda
Pitching: RHP Marcos Miranda
Batting: LHB Mathew Clayton 0-0: Called Strike
0-1: SINGLE (Line Drive, 9S)
Batting: RHB Tony Hernández 0-0: Called Strike
Mathew Clayton is caught stealing 2nd base
0-1: Foul Ball, location: 2F
0-2: Ball
1-2: Foul Ball, location: 2F
1-2: Foul Ball, location: 2F
1-2: Ball
2-2: Strikes out swinging
Batting: LHB José Hernández 0-0: Ball
1-0: Called Strike
1-1: Ball
2-1: Ball
3-1: Ground out 6-3 (Groundball, 6S)
Bottom of the 1st over - 0 runs, 1 hit, 0 errors, 0 left on base; Hendersonville 4 - El Dorado 0
TOP OF THE 2ND
Hendersonville Hitmen batting - Pitching for El Dorado Oilers : RHP Mark Anderson
Batting: RHB Boyd Pittman 0-0: Foul Ball, location: 2F
0-1: Foul Ball, location: 2F
0-2: Strikes out swinging, 2-3 out at first.
Batting: RHB Rafael González 0-0: Ball
1-0: Called Strike
1-1: Called Strike
1-2: Ball
2-2: Ball
3-2: SOLO HOME RUN (Flyball, 7LD), Distance : 363 ft
Batting: SHB José Estreito 0-0: Called Strike
0-1: Fly out, F8 (Flyball, 8LD)
Batting: RHB Jesús Cruz 0-0: Called Strike
0-1: Ball
1-1: Foul Ball, location: 2F
1-2: Strikes out swinging
Top of the 2nd over - 1 run, 1 hit, 0 errors, 0 left on base; Hendersonville 5 - El Dorado 0
BOTTOM OF THE 2ND
El Dorado Oilers batting - Pitching for Hendersonville Hitmen : RHP Marcos Miranda
Batting: RHB Ernesto Acosta 0-0: Ball
1-0: Foul Ball, location: 2F
1-1: Swinging Strike
1-2: Foul Ball, location: 2F
1-2: Foul Ball, location: 2F
1-2: Foul Ball, location: 2F
1-2: Ball
2-2: Ground out 5-3 (Groundball, 56)
Batting: LHB Chris Miller 0-0: Ball
1-0: Ball
2-0: Ground out 4-3 (Groundball, 4)
Batting: RHB Juan Mendoza 0-0: Called Strike
0-1: Foul Ball, location: 2F
0-2: Strikes out swinging
Bottom of the 2nd over - 0 runs, 0 hits, 0 errors, 0 left on base; Hendersonville 5 - El Dorado 0
TOP OF THE 3RD
Hendersonville Hitmen batting - Pitching for El Dorado Oilers : RHP Mark Anderson
Batting: RHB Ron Glass 0-0: Ground out 6-3 (Groundball, 6)
Batting: LHB Robert Phillips 0-0: Swinging Strike
0-1: Swinging Strike
0-2: Strikes out swinging
Batting: SHB Rick Turner 0-0: Ball
1-0: Called Strike
1-1: Ball
2-1: Ball
3-1: Base on Balls
Batting: RHB Felipe Jareńo 0-0: SINGLE (Groundball, 6MD)
Rick Turner to second
Batting: LHB Jeff Cole 0-0: Ball
1-0: Ball
2-0: Called Strike
2-1: Ball
3-1: Foul Ball, location: 2F
3-2: Base on Balls
Rick Turner to third
Felipe Jareńo to second
Batting: RHB Boyd Pittman 0-0: Ground out 1-3 (Groundball, 15S)
Top of the 3rd over - 0 runs, 1 hit, 0 errors, 3 left on base; Hendersonville 5 - El Dorado 0
BOTTOM OF THE 3RD
El Dorado Oilers batting - Pitching for Hendersonville Hitmen : RHP Marcos Miranda
Batting: RHB Bob Johnson 0-0: Ball
1-0: Called Strike
1-1: Swinging Strike
1-2: Ball
2-2: Foul Ball, location: 2F
2-2: Ground out 4-3 (Groundball, 4)
Batting: RHB Sixto Vélez 0-0: Called Strike
0-1: Ball
1-1: Ball
2-1: Ground out 4-3 (Groundball, 4M)
Batting: SHB Theron Harper 0-0: Fly out, F9 (Flyball, 9)
Bottom of the 3rd over - 0 runs, 0 hits, 0 errors, 0 left on base; Hendersonville 5 - El Dorado 0
TOP OF THE 4TH
Hendersonville Hitmen batting - Pitching for El Dorado Oilers : RHP Mark Anderson
Batting: RHB Rafael González 0-0: Ball
1-0: Called Strike
1-1: Ball
2-1: Ground out 5-3 (Groundball, 56)
Batting: SHB José Estreito 0-0: Swinging Strike
0-1: Swinging Strike
0-2: Strikes out looking
Batting: RHB Jesús Cruz 0-0: TRIPLE (Line Drive, 8RXD)
Batting: RHB Ron Glass 0-0: Ball
1-0: Called Strike
1-1: Foul Ball, location: 2F
1-2: SINGLE (Flyball, 89S)
Jesús Cruz scores
Batting: LHB Robert Phillips 0-0: Ball
1-0: Ball
Ron Glass is caught stealing 2nd base
Top of the 4th over - 1 run, 2 hits, 0 errors, 0 left on base; Hendersonville 6 - El Dorado 0
BOTTOM OF THE 4TH
El Dorado Oilers batting - Pitching for Hendersonville Hitmen : RHP Marcos Miranda
Batting: LHB Mathew Clayton 0-0: Called Strike
0-1: Ball
1-1: Ground out 6-3 (Groundball, 6S)
Batting: RHB Tony Hernández 0-0: Ball
1-0: Ground out 5-3 (Groundball, 5)
Batting: LHB José Hernández 0-0: Ball
1-0: Swinging Strike
1-1: Ball
2-1: Foul Ball, location: 2F
2-2: Foul Ball, location: 2F
2-2: Ball
3-2: Ground out 4-3 (Groundball, 4D)
Bottom of the 4th over - 0 runs, 0 hits, 0 errors, 0 left on base; Hendersonville 6 - El Dorado 0
TOP OF THE 5TH
Hendersonville Hitmen batting - Pitching for El Dorado Oilers : RHP Mark Anderson
Batting: LHB Robert Phillips 0-0: Fly out, F9 (Flyball, 9D)
Batting: SHB Rick Turner 0-0: Ball
1-0: Ball
2-0: Ball
3-0: Base on Balls
Batting: RHB Felipe Jareńo Pickoff Throw to First - Out!
0-0: Ball
1-0: Foul Ball, location: 2F
1-1: Foul Ball, location: 2F
1-2: Ball
2-2: Strikes out swinging
Top of the 5th over - 0 runs, 0 hits, 0 errors, 0 left on base; Hendersonville 6 - El Dorado 0
BOTTOM OF THE 5TH
El Dorado Oilers batting - Pitching for Hendersonville Hitmen : RHP Marcos Miranda
Batting: RHB Ernesto Acosta 0-0: Swinging Strike
0-1: Foul Ball, location: 2F
0-2: Strikes out looking
Batting: LHB Chris Miller 0-0: SINGLE (Line Drive, 7S)
Batting: RHB Juan Mendoza 0-0: Called Strike
0-1: Ball
1-1: Ball
2-1: Ball
3-1: Base on Balls
Chris Miller to second
Batting: RHB Bob Johnson 0-0: Fly out, F8 (Line Drive, 8LD)
Batting: RHB Sixto Vélez 0-0: Swinging Strike
0-1: Swinging Strike
0-2: Ball
1-2: Foul Ball, location: 2F
1-2: Strikes out swinging
Bottom of the 5th over - 0 runs, 1 hit, 0 errors, 2 left on base; Hendersonville 6 - El Dorado 0
TOP OF THE 6TH
Hendersonville Hitmen batting - Pitching for El Dorado Oilers : RHP Mark Anderson
Batting: LHB Jeff Cole 0-0: Ball
1-0: Ball
2-0: Ball
3-0: Called Strike
3-1: Foul Ball, location: 2F
3-2: Base on Balls
Batting: RHB Boyd Pittman 0-0: Called Strike
0-1: Called Strike
0-2: Foul Ball, location: 2F
0-2: Ball
1-2: Foul Ball, location: 2F
1-2: Grounds into double play, 6-4-3 (Groundball, 6)
Batting: RHB Rafael González 0-0: Called Strike
0-1: Ball
1-1: Ball
2-1: Fly out, F7 (Flyball, 7LS)
Top of the 6th over - 0 runs, 0 hits, 0 errors, 0 left on base; Hendersonville 6 - El Dorado 0
BOTTOM OF THE 6TH
El Dorado Oilers batting - Pitching for Hendersonville Hitmen : RHP Marcos Miranda
Batting: SHB Theron Harper 0-0: Foul Ball, location: 2F
0-1: Fly out, F7 (Flyball, 7LMF)
Batting: LHB Mathew Clayton 0-0: Ball
1-0: Ball
2-0: Called Strike
2-1: Swinging Strike
2-2: Fly out, F9 (Flyball, 89M)
Batting: RHB Tony Hernández 0-0: Called Strike
0-1: Foul Ball, location: 2F
0-2: Ball
1-2: Foul Ball, location: 2F
1-2: SINGLE (Line Drive, 34)
Batting: LHB José Hernández 0-0: Ball
1-0: Swinging Strike
1-1: Fly out, F9 (Flyball, 9D)
Bottom of the 6th over - 0 runs, 1 hit, 0 errors, 1 left on base; Hendersonville 6 - El Dorado 0
TOP OF THE 7TH
Hendersonville Hitmen batting - Pitching for El Dorado Oilers : RHP Mark Anderson
Pitching: RHP Félix Andrade
Batting: SHB José Estreito 0-0: Ball
1-0: Foul Ball, location: 2F
1-1: Swinging Strike
1-2: Foul Ball, location: 2F
1-2: Strikes out looking
Batting: RHB Jesús Cruz 0-0: Called Strike
0-1: Ball
1-1: Ball
2-1: Foul Ball, location: 2F
2-2: Foul Ball, location: 2F
2-2: Ball
3-2: Strikes out swinging
Batting: RHB Ron Glass 0-0: Swinging Strike
0-1: Called Strike
0-2: Ball
1-2: Foul Ball, location: 2F
1-2: Ball
2-2: Strikes out swinging
Top of the 7th over - 0 runs, 0 hits, 0 errors, 0 left on base; Hendersonville 6 - El Dorado 0
BOTTOM OF THE 7TH
El Dorado Oilers batting - Pitching for Hendersonville Hitmen : RHP Marcos Miranda
Batting: RHB Ernesto Acosta 0-0: Foul Ball, location: 2F
0-1: Foul Ball, location: 2F
0-2: Ball
1-2: Ball
2-2: Foul Ball, location: 2F
2-2: SOLO HOME RUN (Flyball, 7LD), Distance : 426 ft
Batting: LHB Chris Miller 0-0: Ball
1-0: Ground out 4-3 (Groundball, 4)
Batting: RHB Juan Mendoza 0-0: Called Strike
0-1: Ball
1-1: Swinging Strike
1-2: Foul Ball, location: 2F
1-2: Strikes out looking
Batting: RHB Bob Johnson 0-0: Ball
1-0: Ball
2-0: Ball
3-0: Called Strike
3-1: Foul Ball, location: 2F
3-2: SINGLE (Groundball, 6MD)
Batting: RHB Sixto Vélez 0-0: Ball
1-0: Ball
2-0: Ball
3-0: Called Strike
3-1: Foul Ball, location: 2F
3-2: Base on Balls
Bob Johnson to second
Pitching: RHP Bret McJannett
Batting: SHB Theron Harper 0-0: Called Strike
0-1: Fielders Choice at 2nd, 6-4 (Groundball, 6)
Bottom of the 7th over - 1 run, 2 hits, 0 errors, 2 left on base; Hendersonville 6 - El Dorado 1
TOP OF THE 8TH
Hendersonville Hitmen batting - Pitching for El Dorado Oilers : RHP Félix Andrade
Batting: LHB Robert Phillips 0-0: Fly out, F8 (Flyball, 8RD)
Batting: SHB Rick Turner 0-0: Foul Ball, location: 2F
0-1: Ball
1-1: Ball
2-1: Foul Ball, location: 2F
2-2: Strikes out looking
Batting: RHB Felipe Jareńo 0-0: Ball
1-0: Ground out U3 (Groundball, 3)
Top of the 8th over - 0 runs, 0 hits, 0 errors, 0 left on base; Hendersonville 6 - El Dorado 1
BOTTOM OF THE 8TH
El Dorado Oilers batting - Pitching for Hendersonville Hitmen : RHP Bret McJannett
Batting: LHB Mathew Clayton 0-0: Ball
1-0: Swinging Strike
1-1: Ball
2-1: Foul Ball, location: 2F
2-2: Foul Ball, location: 2F
2-2: Ball
3-2: Foul Ball, location: 2F
3-2: Strikes out looking
Batting: RHB Tony Hernández 0-0: Ball
1-0: Called Strike
1-1: Ground out 5-3 (Groundball, 5S)
Batting: LHB José Hernández 0-0: Ball
1-0: Ball
2-0: Foul Ball, location: 2F
2-1: SINGLE (Flyball, 7LM)
Batting: RHB Ernesto Acosta 0-0: Ball
1-0: Called Strike
1-1: Called Strike
1-2: 2-RUN HOME RUN (Flyball, 7D), Distance : 379 ft
Pitching: RHP Mang Tow
Batting: LHB Chris Miller 0-0: Ball
1-0: Called Strike
1-1: Foul Ball, location: 2F
1-2: Ground out 4-3 (Groundball, 4)
Bottom of the 8th over - 2 runs, 2 hits, 0 errors, 0 left on base; Hendersonville 6 - El Dorado 3
TOP OF THE 9TH
Hendersonville Hitmen batting - Pitching for El Dorado Oilers : RHP Félix Andrade
Batting: LHB Jeff Cole 0-0: Ball
1-0: Foul Ball, location: 2F
1-1: Called Strike
1-2: Foul Ball, location: 2F
1-2: Foul Ball, location: 2F
1-2: Foul Ball, location: 2F
1-2: Strikes out looking
Batting: RHB Boyd Pittman 0-0: Foul Ball, location: 2F
0-1: SINGLE (Line Drive, 7LM)
Batting: RHB Rafael González 0-0: Ball
Boyd Pittman steals 2nd base
1-0: Ball
2-0: Ground out 6-3 (Groundball, 6)
Boyd Pittman to third
Batting: SHB José Estreito 0-0: Ball
1-0: Called Strike
1-1: Swinging Strike
1-2: Reached on error, E6 (Groundball, 6MD)
Boyd Pittman scores
Batting: RHB Jesús Cruz 0-0: Ball
José Estreito steals 2nd base
1-0: Ball
2-0: Fly out, F7 (Flyball, 7LS)
Top of the 9th over - 1 run, 1 hit, 1 error, 1 left on base; Hendersonville 7 - El Dorado 3
BOTTOM OF THE 9TH
El Dorado Oilers batting - Pitching for Hendersonville Hitmen : RHP Mang Tow
Batting: RHB Juan Mendoza 0-0: Swinging Strike
0-1: Ground out 6-3 (Groundball, 6)
Batting: RHB Bob Johnson 0-0: Fly out, F9 (Flyball, 9S)
Batting: RHB Sixto Vélez 0-0: Ball
1-0: Fly out, F8 (Flyball, 8RM)
Bottom of the 9th over - 0 runs, 0 hits, 0 errors, 0 left on base; Hendersonville 7 - El Dorado 3
Saturday, December 16th, 2017 - OOTP Baseball 18.8 Build 76